 Dungeon Crawl Stone Soup version 0.28.0-62-gf88900778d (webtiles) character file.

Game seed: 9181800738509833181

3258 Coron the Protected (level 9, -15/90 HPs)
             Began as a Deep Dwarf Wanderer on Mar 25, 2023.
             Was a High Priest of Fedhas.
             Demolished by a two-headed ogre
             ... wielding a +0 giant club
              (16 damage)
             ... on level 8 of the Dungeon.
             The game lasted 00:38:06 (6617 turns).

Coron the Protected (Deep Dwarf Wanderer)           Turns: 6617, Time: 00:38:07

Health: -15/90     AC: 17    Str: 21    XL:     9   Next: 68%
Magic:  9/9        EV:  8    Int: 12    God:    Fedhas [*****.]
Gold:   318        SH:  0    Dex: 12    Spells: 12/12 levels left

rFire   + . .      SeeInvis .   d - +0 whip (elec)
rCold   . . .      Faith    .   (no shield)
rNeg    . . .      Spirit   .   s - +0 chain mail {rF+}
rPois   .          Reflect  .   q - +2 helmet
rElec   .          Harm     .   (no cloak)
rCorr   .          Rampage  .   r - +0 pair of gloves
Will    +....                   z - +0 pair of boots
Stlth   ..........              (no amulet)
HPRegen 0.00/turn               l - ring of wizardry
MPRegen 0.11/turn               (no ring)

@: no status effects
A: damage resistance, heal wounds, sense surroundings 2, no regeneration
a: Heal Wounds, Renounce Religion, Wall of Briars, Grow Ballistomycete,
Overgrow, Grow Oklob


You were on level 8 of the Dungeon.
You worshipped Fedhas.
Fedhas was extremely pleased with you.
You visited 1 branch of the dungeon, and saw 8 of its levels.

You collected 318 gold pieces.

Inventory:

Hand Weapons
 a - a +0 flail
 b - a +0 hunting sling
 d - a +0 whip of electrocution (weapon)
 j - a +3 vampiric dagger
 w - the +2 hunting sling of Honour {flame, Int+4 Stlth+}
   (You found it on level 4 of the Dungeon)

   Any ammunition fired from it burns those it strikes, dealing additional fire
   damage.
   Int:       It affects your intelligence (+4).
   Stlth:     It makes you more stealthy.
Missiles
 c - 7 sling bullets
 e - 271 stones
 g - 20 poisoned darts (quivered)
 y - a throwing net
 B - a curare-tipped dart
Armour
 q - a +2 helmet (worn)
 r - a +0 pair of gloves (worn)
 s - a +0 chain mail of fire resistance (worn)
 z - a +0 pair of boots (worn)
Jewellery
 l - a ring of wizardry (left hand)
Wands
 n - a wand of flame (14)
 o - a wand of polymorph (3)
Scrolls
 f - 2 scrolls of fear
 k - 4 scrolls of silence
 m - 2 scrolls of teleportation
 p - a scroll of blinking
 t - a scroll of enchant weapon
 u - a scroll of fog
 v - a scroll of amnesia {unknown}
Potions
 h - 4 potions of curing
 i - a potion of might
 x - 2 potions of lignification
 A - a potion of magic {unknown}


   Skills:
 + Level 8.7 Fighting
 - Level 5.0 Maces & Flails
 - Level 2.0 Slings
 - Level 9.0 Armour
 - Level 2.0 Spellcasting
 - Level 6.0 Invocations


You had 12 spell levels left.
You didn't know any spells.
Your spell library contained the following spells:

 Spells                   Type           Power      Damage    Failure   Level
 Magic Dart               Conj           4%         1d3       56%         1
 Searing Ray              Conj           2%         2d4       71%         2
 Dazzling Flash           Conj/Hex       2%         N/A       89%         3
 Gell's Gravitas          Tloc           1%         N/A       89%         3
 Teleport Other           Tloc           1%         N/A       89%         3
 Fulminant Prism          Conj/Hex       0%         3d6       99%         4
 Agony                    Necr           1%         N/A       100%        5
 Silence                  Hex/Air        0%         N/A       100%        5
 Dispersal                Tloc           0%         N/A       100%        6


Dungeon Overview and Level Annotations

Branches:
Dungeon (8/15)             Temple (0/1) D:5
   Lair: D:8-11

Altars:
Fedhas
The Shining One

Shops:
D:2 (

Annotations:
D:2 1 runed translucent door, Crazy Yiuf
D:6 Menkaure


Innate Abilities, Weirdness & Mutations

You are resistant to damage.
You can heal yourself by infusing magical energy.
You passively map the area around you.
You do not regenerate.


Message History

The sling bullet hits the two-headed ogre.
The sling bullet burns the two-headed ogre.
The two-headed ogre is heavily wounded.
The +2 hunting sling of Honour {flame, Int+4 Stlth+} stops flaming.
You hear the crackle of electricity.
d - a +0 whip of electrocution (weapon)
You hit the two-headed ogre.
Lightning courses through the two-headed ogre!
The two-headed ogre is almost dead.
The two-headed ogre hits you with a +0 giant club!
The two-headed ogre hits you with a +0 giant club.
You barely miss the two-headed ogre.
The two-headed ogre is severely wounded.
The kobold barely misses you.
The two-headed ogre hits you but does no damage.
The two-headed ogre closely misses you.
You barely miss the two-headed ogre. You punch the two-headed ogre.
The two-headed ogre is almost dead.
The kobold hits you but does no damage.
You hit the two-headed ogre but do no damage.
The two-headed ogre is almost dead.
The two-headed ogre hits you with a +0 giant club. x2
* * * LOW HITPOINT WARNING * * *
The kobold hits you but does no damage.
You hit the two-headed ogre.
The two-headed ogre is almost dead.
The kobold hits you but does no damage. x2
The two-headed ogre hits you with a +0 giant club!!
* * * LOW HITPOINT WARNING * * *
The two-headed ogre hits you with a +0 giant club.
* * * LOW HITPOINT WARNING * * *
You barely miss the two-headed ogre.
The two-headed ogre is almost dead.
The kobold hits you but does no damage. x2
Unknown command.
You barely miss the two-headed ogre.
The two-headed ogre is almost dead.
The two-headed ogre hits you with a +0 giant club!
You die...
Fedhas appreciates your contribution to the ecosystem.

.##.##.#.##..#.#####..##.###.#...
....##.#.##..#.####..........#...
.##.##...##...........##.........
....###'###.....###...##...#.#...
.##.##..........##...........####
.##.##.#.#............###..#.)..[
.K..............##....###..######
.#K......#.##..K...........# #
.#...KK....###.K@#.........# ,,.
.#.###K###.....O......###..##.##
.#l# #K# #....(..................
##.# #O# #...(........#######....
#.###.###..K...........#........
#....<[...(.................. ..
#.###...(....#.....#+#.#..... ,.
#.# #..............., .# ....,
#.. +..>............. .#, ##+*,,


You could see a two-headed ogre and 3 kobolds.

Vanquished Creatures
  Maggie (D:6)
  Psyche (D:8)
  A hornet (D:8)
  A wyvern (D:8)
  A water moccasin (D:6)
  An orc warrior (D:6)
  2 sky beasts
  2 black bears
  2 ogres
  2 centaurs (D:7)
  2 kobold brigands
  A scorpion (D:5)
  A water moccasin zombie (D:6)
  4 wights (D:6)
  An electric eel (D:6)
  8 orc priests
  3 jellies
  4 hounds
  A bullfrog skeleton (D:6)
  3 iguanas
  6 orc wizards
  2 hound zombies (D:5)
  3 howler monkey zombies
  Robin (D:3)
  A howler monkey skeleton (D:6)
  6 adders
  A shadow imp (D:5)
  A white imp (D:5)
  An adder skeleton (D:4)
  4 worms
  2 dart slugs
  35 orcs
  7 ball pythons
  4 endoplasms
  5 giant cockroaches
  13 goblins
  7 hobgoblins
  3 jackals (D:3)
  2 quokkas (D:2)
  4 bats
  6 frilled lizards
  24 kobolds
  9 rats
189 creatures vanquished.

Vanquished Creatures (others)
  11 plants
11 creatures vanquished.

Grand Total: 200 creatures vanquished

Notes
Turn   | Place    | Note
-------+----------+-------------------------------------------
     0 | D:1      | Coron the Deep Dwarf Wanderer began the quest for the Orb.
     0 | D:1      | Coron set off with the following items: a +0 flail, a +0
                  | hunting sling, 19 sling bullets, a +0 scale mail
     0 | D:1      | Reached XP level 1. HP: 18/18 MP: 3/3
   237 | D:1      | Reached XP level 2. HP: 25/25 MP: 4/4
   255 | D:1      | Found a faded altar of an unknown god.
   274 | D:1      | Prayed at the altar of an unknown god.
   274 | D:1      | Became a worshipper of Fedhas Madash
   274 | D:1      | Reached * piety under Fedhas
   428 | D:1      | Reached XP level 3. HP: 29/31 MP: 6/6
   656 | D:2      | Found a runed translucent door.
   657 | D:2      | Noticed Crazy Yiuf
   691 | D:2      | Reached ** piety under Fedhas
   692 | D:2      | Reached skill level 1 in Invocations
   700 | D:2      | Found Rucass's Weapon Boutique.
  1144 | D:2      | Reached XP level 4. HP: 34/39 MP: 7/7
  1215 | D:2      | Reached skill level 4 in Armour
  1493 | D:3      | Noticed Robin
  1515 | D:3      | Killed Robin
  1639 | D:3      | Noticed an ogre
  1655 | D:3      | Killed an ogre
  1656 | D:3      | Reached skill level 5 in Armour
  1656 | D:3      | Reached XP level 5. HP: 17/46 MP: 8/8
  2056 | D:3      | Reached *** piety under Fedhas
  2084 | D:3      | Reached XP level 6. HP: 42/56 MP: 9/9
  2511 | D:3      | Reached skill level 6 in Armour
  2853 | D:4      | Noticed a sky beast
  3063 | D:4      | Identified the +2 hunting sling of Honour {flame, Int+4
                  | Stlth+}
  3398 | D:4      | Killed a sky beast
  3399 | D:4      | Reached XP level 7. HP: 36/66 MP: 9/9
  3564 | D:5      | Entered Level 5 of the Dungeon
  3603 | D:5      | Reached **** piety under Fedhas
  3671 | D:5      | Reached skill level 5 in Fighting
  4050 | D:5      | Found a staircase to the Ecumenical Temple.
  4062 | D:5      | Reached XP level 8. HP: 61/76 MP: 10/10
  4296 | D:5      | Reached skill level 5 in Invocations
  4381 | D:6      | Noticed Maggie
  4415 | D:5      | Reached skill level 7 in Armour
  4714 | D:6      | Noticed Menkaure
  4793 | D:6      | Reached skill level 8 in Armour
  5160 | D:6      | Killed Maggie
  5160 | D:6      | Reached ***** piety under Fedhas
  5161 | D:6      | Gained mutation: You passively map the area around you.
                  | [Deep Dwarf growth]
  5161 | D:6      | Reached XP level 9. HP: 28/88 MP: 8/8
  5658 | D:7      | Reached skill level 5 in Maces & Flails
  5983 | D:8      | Noticed Psyche
  6196 | D:8      | Paralysed by a hornet for 3 turns
  6204 | D:8      | Reached skill level 9 in Armour
  6212 | D:8      | Found a glowing golden altar of the Shining One.
  6280 | D:8      | Killed Psyche
  6349 | D:8      | Noticed a two-headed ogre
  6615 | D:8      | HP: 4/90 [two-headed ogre/+0 giant club (23)]
  6615 | D:8      | HP: 1/90 [two-headed ogre/+0 giant club (3)]
  6617 | D:8      | Demolished by a two-headed ogre

Illustrated notes

Levels and vault maps discovered:
D:1:      dpeg_arrival_orchard, layout_rooms,
          dreamdust_ecumenical_altar_statues, lexackson_kobold_supper
D:2:      layout_basic, serial_shops, shop, grunt_ministairs_2, minmay_ruptured,
          uniq_crazy_yiuf_cottage
D:3:      minmay_wonky_spiral, layout_basic, minmay_fountain_box, uniq_robin
D:4:      layout_rooms, serial_forest, infiniplex_forest_straight_2,
          infiniplex_forest_lined_3_way, infiniplex_forest_straight_2,
          infiniplex_forest_clump_medium, infiniplex_forest_lined_room_3,
          infiniplex_forest_clump_small, infiniplex_forest_end_2,
          infiniplex_forest_join
D:5:      nicolae_BIG_FREAKIN_CUBE, layout_rooms, minmay_temple_entry_waves
D:6:      layout_cave_pools, serial_bayou_ford_a, uniq_maggie, uniq_menkaure
D:7:      layout_basic
D:8:      layout_basic, nicolae_tso_swordbearing_angel, uniq_psyche, uniq_harold

Skill      XL: |  1  2  3  4  5  6  7  8  9 |
---------------+----------------------------+-----
Spellcasting   | 2 |  2.0
Invocations    | 1 2 3 4 5 6 |  6.0
Armour         | 5 6 8 9 |  9.0
Fighting       | 2 3 4 6 7 8 |  8.7
Maces & Flails | 4 5 |  5.0
Slings         | 2 |  2.0

Action                   |  1- 3 |  4- 6 |  7- 9 || total
-------------------------+-------+-------+-------++-------
Melee: Flail             |    89 |   127 |   149 ||   365
       Punch             |     1 |     3 |     7 ||    11
       Dagger            |       |    83 |   403 ||   486
       Whip              |       |       |    14 ||    14
       Unarmed           |       |       |     1 ||     1
 Fire: Hunting sling     |    74 |    66 |    47 ||   187
Throw: Stone             |     6 |       |       ||     6
       Dart              |       |     7 |       ||     7
 Abil: Heal Wounds       |       |     3 |    10 ||    13
Evoke: Wand              |       |       |     6 ||     6
  Use: Scroll            |       |     5 |    10 ||    15
       Potion            |       |       |     2 ||     2
Armor: Scale mail        |    61 |    88 |    22 ||   171
       Chain mail        |       |       |   391 ||   391
Dodge: Dodged            |    60 |    82 |   238 ||   380
